 Dungeon Crawl Stone Soup version 0.17-a0-1655-g88a8506 (webtiles) character file.

2809 kae the Carver (level 9, -13/70 HPs)
             Began as a Minotaur Fighter on Aug 15, 2015.
             Was a Believer of Qazlal.
             Killed by divine providence
             ... invoked by an orc priest
              (15 damage)
             ... on level 8 of the Dungeon.
             The game lasted 00:06:41 (7566 turns).

kae the Carver (Minotaur Fighter)                   Turns: 7566, Time: 00:06:41

Health: -13/70     AC:  9    Str: 22    XL:     9   Next: 44%
Magic:  4/8        EV:  9    Int:  7    God:    Qazlal [**....]
Gold:   257        SH:  3    Dex: 10    Spells: 0 memorised, 8 levels left

rFire  . . .     SeeInvis .     e - +0 great sword (distort)
rCold  + + .     Clarity  .     b - +0 scale mail
rNeg   . . .     SustAt   .     (no shield)
rPois  .         Gourm    .     (helmet restricted)
rElec  .         Spirit   .     o - +1 cloak
rCorr  .         Warding  .     (no gloves)
rMut   +         Stasis   .     (no boots)
MR     .....                    w - amulet of resist mutation
Stlth  ..........               l - ring of protection from cold
                                i - ring of protection from cold

@: not resistant to hostile enchantments, extremely unstealthy
A: retaliatory headbutt, horns 2
a: Upheaval, Renounce Religion


You were on level 8 of the Dungeon.
You worshipped Qazlal.
Qazlal was pleased with you.
You were not hungry.

You visited 2 branches of the dungeon, and saw 9 of its levels.

You collected 257 gold pieces.

Inventory:

Hand weapons
 a - a +1 long sword
 d - the +4 trident of Freehold {vamp, rElec, unknown}
   (You took it off a gnoll on level 6 of the Dungeon)

   It inflicts no extra harm, but heals its wielder somewhat when it strikes a
   living foe.
   It insulates you from electricity.
 e - a +0 great sword of distortion (weapon)
 u - the +3 spear of Sloth {freeze, MR++ Int-4 Dex+3, unknown}
   (You found it on level 4 of the Dungeon)

   It has been specially enchanted to freeze those struck by it, causing extra
   injury to most foes and up to half again as much damage against particularly
   susceptible opponents.
   It can also slow down cold-blooded creatures.
   It affects your intelligence (-4).
   It affects your dexterity (+3).
   It affects your resistance to hostile enchantments.
Armour
 b - a +0 scale mail (worn)
 c - a +0 shield
 o - a +1 cloak (worn)
Jewellery
 i - a ring of protection from cold (left hand)
 l - a ring of protection from cold (right hand)
 w - an amulet of resist mutation (around neck)
Magical devices
 p - a wand of polymorph (18)
 B - a wand of slowing (15)
Scrolls
 g - 9 scrolls of identify
 j - 2 scrolls of enchant weapon
 k - a scroll of fear
 t - 3 scrolls of amnesia
 y - 3 scrolls of immolation {unknown}
 z - a scroll of teleportation
Potions
 f - 2 potions of haste
 m - 3 potions of curing
 n - a potion of magic
 x - a potion of ambrosia {unknown}
 A - a potion of agility {unknown}
Comestibles
 h - 2 meat rations
 q - a beef jerky
 r - 3 bread rations
 v - a royal jelly


   Skills:
 - Level 3.6 Fighting
 + Level 14.8 Long Blades
 - Level 3.6 Armour
 - Level 3.6 Shields


You had 8 spell levels left.
You didn't know any spells.

Dungeon Overview and Level Annotations

Branches:
Dungeon (8/15)             Temple (1/1) D:6
   Lair: D:8-11

Altars:
Ashenzari
Cheibriados
Dithmenos
Elyvilon
Fedhas
Kikubaaqudgha
Makhleb
Nemelex Xobeh
Qazlal
Sif Muna
Trog
Vehumet
Xom
Yredelemnul
The Shining One

Annotations:
D:8 Pikel


Innate Abilities, Weirdness & Mutations

You reflexively headbutt those who attack you in melee.
You have a pair of horns on your head.


Message History

The ground shakes violently, spewing rubble!
The blast of rubble hits the centaur.
The centaur is heavily wounded.
You hear a shout! x2
The warg bites you.
* * * LOW HITPOINT WARNING * * *
Unknown command.
You slash the warg!
Space bends around the warg.
The warg is heavily wounded.
The warg bites you.
* * * LOW HITPOINT WARNING * * *
The warg bites you!
* * * LOW HITPOINT WARNING * * *
Unknown command.
You hit the warg. You headbutt the warg.
The warg is almost dead.
The warg blinks!
The orc priest invokes the aid of Beogh against you.
Something smites you!
You die...

#. #.###.# #.#
##....#
#.###.#####
#.#.## #.## #$#
. ###.#
P.ph####†.h####
..ooocF@?......#
..Ko..##.#####.#


..opo #.# .... #.# ... #.# .# #.# #.. ## You could see Pikel, 2 wargs, an orc
warrior, 2 slaves, a giant frog, a centaur, an orc priest, an orc wizard and 3
orcs.

Vanquished Creatures
  Menkaure (D:5)
  A hippogriff (D:7)
  An ice beast (D:8)
  3 sky beasts
  4 ogres
  Purgy (D:4)
  3 phantoms
  A big kobold (D:6)
  A giant frog (D:3)
  5 scorpions
  A quasit (D:7)
  2 jellies
  A giant frog skeleton (D:5)
  3 hounds
  2 orc wizards
  4 crimson imps
  2 centaur skeletons
  11 worker ants
  2 iguanas
  A hound skeleton (D:8)
  3 gnolls (D:6)
  A worker ant zombie (D:8)
  7 adders
  A shadow imp (D:6)
  An ooze (D:5)
  An adder skeleton (D:6)
  2 adder zombies
  2 worms
  3 giant geckos
  18 orcs
  5 giant cockroaches
  14 goblins
  11 hobgoblins
  9 bats
  2 giant gecko zombies
  5 giant newts
  4 jackals (D:4)
  13 kobolds
  5 quokkas
  5 rats
162 creatures vanquished.

Vanquished Creatures (others)
  A wizard (D:7)
  An orc priest (D:8)
2 creatures vanquished.

Grand Total: 164 creatures vanquished

Notes
Turn   | Place    | Note
--------------------------------------------------------------
     0 | D:1      | kae the Minotaur Fighter began the quest for the Orb.
     0 | D:1      | Reached XP level 1. HP: 19/19 MP: 0/0
   241 | D:1      | Reached XP level 2. HP: 21/26 MP: 1/1
   757 | D:1      | Reached skill level 4 in Long Blades
  1153 | D:2      | Reached XP level 3. HP: 28/31 MP: 2/2
  1275 | D:2      | Found a blossoming altar of Fedhas.
  1512 | D:2      | Reached skill level 5 in Long Blades
  1604 | D:2      | Reached XP level 4. HP: 37/39 MP: 3/3
  1858 | D:3      | Noticed a phantom
  1883 | D:3      | Killed a phantom
  1883 | D:3      | Reached skill level 6 in Long Blades
  1883 | D:3      | Reached XP level 5. HP: 17/45 MP: 4/4
  2194 | D:3      | Found a stormy altar of Qazlal.
  2481 | D:3      | Became a worshipper of Qazlal Stormbringer
  2543 | D:4      | Reached skill level 7 in Long Blades
  2575 | D:4      | Noticed Purgy
  2582 | D:4      | Reached XP level 6. HP: 31/51 MP: 5/5
  2591 | D:4      | Killed Purgy
  2591 | D:4      | Reached skill level 8 in Long Blades
  2806 | D:4      | Noticed an ogre
  3054 | D:3      | Reached skill level 9 in Long Blades
  3301 | D:4      | Killed an ogre
  3301 | D:4      | Reached XP level 7. HP: 7/57 MP: 6/6
  3631 | D:4      | Got an iridescent spear
  3870 | D:5      | Entered Level 5 of the Dungeon
  3899 | D:5      | Reached skill level 10 in Long Blades
  4073 | D:5      | Noticed Menkaure
  4089 | D:5      | Killed Menkaure
  4096 | D:5      | Found a sparkling altar of Nemelex Xobeh.
  4101 | D:5      | Reached skill level 11 in Long Blades
  4451 | D:5      | Reached XP level 8. HP: 59/64 MP: 7/7
  4539 | D:5      | Found a shadowy altar of Dithmenos.
  4931 | D:5      | Acquired Qazlal's first power
  4973 | D:5      | Reached skill level 12 in Long Blades
  5133 | D:6      | Found a staircase to the Ecumenical Temple.
  5215 | Temple   | Entered the Ecumenical Temple
  5697 | D:6      | Got a scorched trident
  5745 | D:6      | Reached skill level 13 in Long Blades
  6725 | D:7      | Acquired Qazlal's second power
  6725 | D:7      | Reached XP level 9. HP: 67/70 MP: 8/8
  7008 | D:7      | Reached skill level 14 in Long Blades
  7098 | D:7      | Found a bloodstained altar of Trog.
  7099 | D:7      | Noticed a wizard
  7104 | D:7      | Killed a wizard
  7508 | D:8      | Identified a scroll of acquirement
  7559 | D:8      | Noticed Pikel
  7565 | D:8      | HP: 2/70 [warg (11)]
  7566 | D:8      | Killed from afar by an orc priest

Vault maps used:
D:1:      dpeg_arrival_shrine, hangedman_decor_push, grunt_decor_mini_mirrors
D:2:      lemuel_doored_altar, first_bread, amalloy_card_club
D:3:      nicolae_qazlal_eye_of_the_storm, st_stairs_5
D:4:      uniq_purgy
D:5:      kennysheep_mini_moat, nemelex_dance_club_becter, uniq_menkaure
D:6:      temple_statues
D:7:      trog_wizard
D:8:      zin_statuary, erik_lair_orcish_takeover, uniq_pikel
Temple:   water_room_temple_b_12

Action                   |  1- 3 |  4- 6 |  7- 9 || total
-------------------------+-------+-------+-------++-------
Melee: Long sword        |   110 |   149 |   311 ||   570
       Great sword       |       |       |    12 ||    12
Invok: Upheaval          |       |       |     1 ||     1
  Use: Potion            |       |     2 |     2 ||     4
       Scroll            |       |       |    10 ||    10
  Eat: Chunk             |     1 |     6 |     2 ||     9
       Bread ration      |       |     1 |     3 ||     4
